Map: Dusty Gorge

Players

sLy

  • Race: Protoss Protoss
  • League: Platinum
  • Spawn Location: 11:00

Xerxes

  • Race: Zerg Zerg
  • League: Platinum
  • Spawn Location: 9:00

MonstroTown

  • Race: Terran Terran
  • Spawn Location: 3:00

Michael

  • Race: Zerg Zerg
  • League: Gold
  • Spawn Location: 5:00

VOD

Have the link to the VOD?

Description

Time

  • Played on: Sept. 27, 2018, 4:05 p.m.
  • Length: 11:00
Show
View Real Time Build Order
Export as new Build Order

sLy Protoss 

Build Orders: Cannon Rush 

Get SALT Encoding   

  12  0:00  Probe  
  13  0:08  Probe  
  14  0:16  Probe  
  15  0:27  Pylon  
  15  0:45  Probe  
  15  0:48  Gateway  
  16  0:53  Forge  
  16  0:55  Probe  
  16  1:03  Probe  
  18  1:18  Pylon  
  18  1:21  Pylon  
  18  1:25  Pylon  
  18  1:30  Probe  
  19  1:35  Photon Cannon  
  19  1:44  Photon Cannon  
  19  1:54  Photon Cannon  
  19  1:56  Probe  
  20  2:06  Photon Cannon  
  20  2:24  Probe  
  21  2:47  Probe  
  22  2:54  Pylon  
  22  2:55  Assimilator  
  22  2:56  Nexus  
  22  2:59  Probe, Assimilator  
  23  3:09  Photon Cannon  
  23  3:11  Probe  
  24  3:19  Pylon  
  24  3:24  Photon Cannon  
  24  3:34  Photon Cannon  
  24  3:35  Photon Cannon  
  24  3:40  Probe  
  24  3:44  Cybernetics Core  
  24  4:01  Nexus  
  24  4:07  Photon Cannon  
  24  4:14  Probe x2  
  26  4:19  Warp Gate  
  26  4:26  Probe x2  
  28  4:38  Probe x2  
  29  4:45  Stargate  
  30  4:50  Probe  
  30  4:51  Probe  
  30  4:52  Pylon  
  32  5:02  Probe  
  32  5:03  Probe  
  34  5:14  Probe  
  34  5:17  Robotics Facility  
  35  5:28  Twilight Council  
  35  5:32  Gateway  
  35  5:34  Gateway  
  35  5:40  Photon Cannon  
  35  5:43  Probe x2  
  35  5:44  Probe  
  35  5:45  Oracle  
  38  5:55  Probe  
  42  6:07  Assimilator  
  42  6:12  Assimilator  
  42  6:14  Probe  
  42  6:17  Dark Shrine  
  43  6:25  Pylon  
  43  6:27  Stalker  
  43  6:31  Probe x2  
  47  6:37  Probe  
  48  6:43  Probe  
  48  6:45  Stalker  
  51  6:47  Stalker  
  51  6:48  Probe  
  51  6:49  Probe  
  55  7:00  Stalker  
  51  7:18  Adept x2  
  53  7:30  Void Ray  
  56  7:41  Probe x2  
  56  7:43  Dark Templar x2  
  55  8:10  Protoss Ground Weapons Level 1  
  55  8:14  Probe x2  
  55  8:16  Charge  
  55  8:19  Probe  
  56  8:26  Probe x2  
  58  8:27  Zealot x2  
  58  8:28  Zealot  
  58  8:31  Probe  
  65  8:38  Assimilator, Probe x2  
  67  8:41  Pylon  
  67  8:43  Probe, Assimilator  
  67  8:46  Pylon  
  68  8:50  Probe  
  68  8:51  Probe  
  68  8:55  Probe  
  71  8:59  Stalker  
  73  9:03  Probe x2  
  73  9:07  Probe  
  73  9:09  Stalker x2  
  80  9:15  Probe  
  80  9:16  Pylon  
  80  9:17  Probe  
  82  9:19  Pylon  
  82  9:23  Gateway x2  
  74  9:35  Dark Templar  
  75  9:41  Dark Templar  
  76  9:58  Stalker  
  58  10:25  Probe x2  
  60  10:33  Probe  
  60  10:37  Probe  
  60  10:41  Probe  
  58  10:46  Probe  
Show
View Real Time Build Order
Export as new Build Order

Xerxes Zerg 

Build Orders: Hatch First 

Get SALT Encoding   

  12  0:02  Drone  
  13  0:18  Drone  
  14  0:22  Overlord  
  14  0:29  Extractor  
  14  0:33  Drone  
  14  0:39  Overlord  
  14  0:44  Drone  
  16  0:51  Drone  
  17  1:10  Hatchery  
  16  1:12  Drone x2  
  18  1:21  Extractor  
  18  1:23  Drone  
  18  1:36  Spawning Pool, Drone  
  18  1:45  Drone  
  19  1:56  Extractor, Drone  
  19  2:06  Drone  
  20  2:26  Queen x2  
  20  2:28  Drone x3  
  27  2:33  Baneling Nest, Drone  
  27  2:43  Zergling x2  
  27  2:44  Zergling x2  
  29  2:46  Metabolic Boost  
  29  2:54  Zergling x4  
  31  3:12  Drone  
  32  3:13  Drone  
  32  3:14  Drone  
  32  3:15  Drone  
  35  3:20  Lair  
  35  3:23  Overlord  
  35  3:37  Drone  
  35  3:39  Overlord  
  36  3:42  Drone x2  
  36  3:43  Drone x3  
  36  3:45  Drone  
  38  4:31  Overlord  
  38  4:32  Overlord  
  38  4:33  Zergling x8  
  38  4:34  Drone x4  
  46  4:41  Spine Crawler  
  46  4:43  Spine Crawler  
  44  4:48  Spine Crawler  
  44  4:49  Drone x2  
  44  4:51  Spine Crawler  
  44  4:59  Overlord x2  
  44  5:09  Zergling x8  
  44  5:10  Zergling x4  
  44  5:12  Centrifical Hooks  
  50  5:15  Overlord x2  
  50  5:22  Drone  
  51  5:30  Zergling x8  
  55  5:36  Hydralisk Den  
  55  5:39  Spore Crawler  
  55  5:41  Drone x4  
  55  5:42  Spore Crawler  
  56  5:43  Drone  
  57  5:55  Baneling x4, Hatchery  
  57  5:56  Baneling x8  
  56  5:57  Baneling  
  56  6:00  Drone  
  56  6:01  Drone  
  58  6:06  Baneling x6  
  58  6:17  Zergling x12  
  64  6:18  Zergling x2  
  64  6:23  Zergling x4  
  67  6:34  Zergling x10  
  67  6:37  Grooved Spines  
  72  6:40  Overlord  
  72  6:43  Overlord  
  72  6:45  Overseer  
  72  6:48  Baneling x5  
  72  6:49  Baneling  
  72  6:50  Baneling  
  72  6:51  Baneling  
  72  6:52  Baneling x2  
  72  6:53  Baneling  
  72  6:58  Baneling  
  72  7:07  Zergling x2  
  72  7:08  Zergling x14  
  78  7:09  Zergling x2  
  72  7:29  Zergling x2  
  68  7:30  Zergling x10  
  71  7:49  Muscular Augments  
  71  8:05  Hydralisk x4  
  71  8:06  Hydralisk x3  
  71  8:11  Extractor  
  84  8:13  Extractor  
  81  8:48  Baneling x6  
  76  8:49  Baneling x4  
  76  8:51  Zergling x18  
  76  8:52  Zergling x4  
  74  9:09  Zergling x8  
  68  9:45  Hydralisk x6  
  71  9:47  Overlord x2, Zergling x4  
  71  9:48  Zergling x16  
  89  9:54  Overseer  
  86  10:19  Hatchery  
  83  10:25  Hatchery  
  76  10:30  Hydralisk x4, Zergling x22, Overlord  
  76  10:31  Zergling x2  
  96  10:40  Overseer  
  95  10:43  Drone x3  
Show
View Real Time Build Order
Export as new Build Order

MonstroTown Terran 

Build Orders: MMM Bio 

Get SALT Encoding   

  12  0:01  SCV  
  13  0:13  SCV  
  14  0:18  Supply Depot  
  14  0:25  SCV  
  15  0:40  SCV  
  15  0:41  Barracks  
  16  0:47  Refinery  
  16  0:52  SCV  
  17  1:04  SCV  
  18  1:16  SCV  
  19  1:29  Marine  
  20  1:43  Bunker  
  20  1:44  Barracks  
  20  1:47  Bunker  
  20  1:54  Marine  
  20  2:18  Marine  
  20  2:32  Marine  
  20  2:36  Marine  
  22  2:42  Factory  
  22  2:50  Orbital Command  
  22  3:02  Supply Depot  
  22  3:03  Supply Depot  
  22  3:22  Bunker  
  22  3:33  Command Center  
  22  3:42  Factory Tech Lab  
  22  3:46  Supply Depot  
  22  3:48  Supply Depot  
  22  3:51  Marine  
  22  3:52  Marine  
  24  3:59  Bunker  
  24  4:04  Bunker  
  24  4:09  Marine  
  21  4:22  Siege Tank  
  23  4:40  SCV  
  24  5:02  Barracks Tech Lab  
  24  5:05  SCV  
  24  5:06  Starport  
  25  5:11  Orbital Command  
  25  5:26  Stimpack  
  25  5:28  SCV  
  26  5:29  Engineering Bay  
  26  5:38  SCV  
  26  5:40  SCV  
  28  5:47  Starport Tech Lab  
  28  5:50  SCV, Medivac  
  28  5:55  Widow Mine  
  33  5:59  SCV  
  33  6:00  Refinery  
  33  6:02  SCV  
  33  6:03  Refinery  
  35  6:07  Marine  
  36  6:11  SCV  
  36  6:13  Terran Infantry Weapons Level 1  
  37  6:25  Marine  
  38  6:55  SCV x2, Marine  
  41  7:04  Barracks  
  41  7:05  Barracks  
  41  7:07  Supply Depot  
  41  7:14  Marauder  
  40  7:43  Missile Turret  
  40  7:46  Missile Turret, SCV x2  
  43  7:58  SCV  
  43  8:01  Marauder, Barracks Reactor, Marine  
  43  8:04  Siege Tank  
  43  8:05  Starport Reactor  
  45  8:18  Marine  
  45  8:29  Supply Depot  
  45  8:30  Supply Depot  
  45  8:32  Combat Shield  
  45  8:35  SCV x2  
  45  8:40  Engineering Bay  
  47  8:43  Armory  
  47  8:44  Refinery  
  47  8:47  SCV x2  
  49  9:01  Marine x2  
  49  9:02  Marauder, Siege Tank  
  56  9:12  Marine  
  56  9:16  Medivac  
  59  9:19  Marine x2  
  59  9:23  Marauder  
  63  9:30  Marine  
  64  9:37  Marine x2  
  66  9:44  Marine  
  65  9:46  Barracks  
  65  9:48  Marine  
  65  9:50  Barracks  
  62  9:54  Marine  
  62  9:55  Marine  
  56  10:23  Marine x4  
  56  10:25  Medivac  
  61  10:41  Marine x3  
Show
View Real Time Build Order
Export as new Build Order

Michael Zerg 

Build Orders: Hatch First 

Get SALT Encoding   

  12  0:01  Drone  
  13  0:12  Overlord  
  13  0:18  Drone  
  14  0:31  Drone x2  
  14  0:35  Drone  
  17  0:45  Drone  
  18  0:59  Hatchery  
  18  1:00  Drone  
  18  1:04  Extractor  
  17  1:16  Spawning Pool  
  16  1:19  Drone  
  16  1:23  Drone  
  18  1:28  Drone  
  19  1:40  Drone  
  20  1:49  Overlord  
  20  2:03  Queen  
  20  2:08  Metabolic Boost  
  22  2:11  Queen  
  22  2:12  Zergling x4  
  22  2:14  Zergling x2  
  27  2:23  Zergling x4  
  29  2:35  Extractor  
  28  2:37  Drone  
  28  2:39  Roach Warren  
  28  2:40  Drone  
  29  2:51  Drone x2  
  31  2:55  Drone  
  31  2:56  Drone  
  29  3:16  Drone x4  
  29  3:18  Queen  
  34  3:21  Queen  
  36  3:29  Overlord  
  36  3:33  Overlord  
  36  3:47  Zergling x10  
  41  3:50  Zergling x2  
  42  3:58  Spine Crawler  
  41  4:04  Lair  
  41  4:20  Hatchery  
  39  4:45  Roach x4  
  47  4:46  Roach x2  
  47  4:51  Overlord  
  51  4:55  Overlord  
  51  5:08  Queen, Glial Reconstitution  
  53  5:21  Hydralisk Den, Evolution Chamber  
  51  5:28  Spore Crawler  
  51  5:34  Queen  
  52  5:43  Roach x2  
  56  5:55  Zerg Ground Armor Level 1  
  56  6:03  Drone x3  
  59  6:06  Drone  
  60  6:18  Roach x2  
  64  6:21  Overlord  
  64  6:28  Overlord  
  64  6:35  Muscular Augments  
  64  6:40  Roach  
  64  6:43  Zergling x2  
  64  6:44  Zergling x2  
  64  6:45  Drone  
  69  6:49  Drone  
  69  6:51  Drone  
  71  7:03  Roach x3  
  72  7:20  Roach x4  
  72  7:22  Roach  
  72  7:26  Roach  
  62  7:33  Drone  
  62  7:34  Drone x2  
  62  7:35  Drone  
  64  7:37  Drone  
  64  7:39  Drone  
  66  7:46  Grooved Spines  
  66  7:50  Zerg Missile Weapons Level 1  
  66  8:05  Hydralisk  
  66  8:06  Hydralisk x3  
  66  8:07  Hydralisk  
  76  8:13  Spore Crawler  
  76  8:15  Spore Crawler, Drone  
  76  8:17  Drone  
  76  8:20  Drone  
  76  8:21  Drone  
  76  8:23  Drone  
  76  8:25  Drone  
  80  8:32  Drone x2  
  82  8:35  Drone  
  82  8:36  Drone  
  78  8:42  Roach x2  
  82  8:49  Overlord x3  
  82  8:57  Overlord x2  
  82  8:58  Overlord  
  66  9:03  Roach  
  66  9:04  Roach  
  66  9:07  Hydralisk  
  66  9:08  Hydralisk  
  74  9:14  Overseer  
  74  9:15  Overseer x2  
  74  9:17  Drone  
  74  9:18  Drone x3  
  74  9:20  Drone  
  74  9:23  Extractor  
  76  9:25  Extractor  
  76  9:30  Roach x3  
  73  9:33  Hydralisk  
  73  9:37  Hydralisk x2  
  57  9:46  Overlord x2  
  57  9:50  Hydralisk  
  57  9:52  Hydralisk  
  55  10:02  Overlord x2  
  41  10:23  Roach x7  
  41  10:25  Unknown x2  
  41  10:27  Roach  
Tags
 
Add a new tag
Caveats
  • Supply blocks, unpowered buildings, or Contaminate may cause inaccurate times.
  • Supply counts are checked every 10 seconds.